 Dungeon Crawl Stone Soup version 0.21-a0-642-g5d013b2151 (webtiles) character file.

266 Kaname the Conjurer (level 6, 21/42 HPs)
             Began as a Demonspawn Wizard on Dec 31, 2017.
             Quit the game on level 3 of the Dungeon.
             The game lasted 00:09:04 (2636 turns).

Kaname the Conjurer (Demonspawn Wizard)             Turns: 2636, Time: 00:09:04

Health: 21/42      AC: 13    Str:  7    XL:     6   Next: 0%
Magic:  3/10       EV: 12    Int: 22    God:
Gold:   141        SH:  0    Dex: 11    Spells: 2/11 levels left

rFire    + . .     SeeInvis .   l - +0 dagger (protect)
rCold    x . .     Gourm    .   (no shield)
rNeg     . . .     Faith    .   a - +0 robe
rPois    .         Spirit   +   m - +0 helmet
rElec    .         Reflect  .   s - +0 cloak
rCorr    .         Harm     .   (no gloves)
MR       .....                  i - +0 pair of boots
Stlth    ++........             (no amulet)
HPRegen  0.14/turn              o - ring of fire
MPRegen  0.12/turn              n - +2 ring of slaying

@: protection aura
A: talons 1, rugged brown scales 1, demonic guardian 1, magic shield
a: no special abilities


You were on level 3 of the Dungeon.
You were hungry.

You visited 1 branch of the dungeon, and saw 3 of its levels.

You collected 141 gold pieces.

Inventory:

Hand Weapons
 l - a +0 dagger of protection (weapon)
Missiles
 g - a throwing net (quivered)
Armour
 a - a +0 robe (worn)
 i - a +0 pair of boots (worn)
 m - a +0 helmet (worn)
 s - a +0 cloak (worn)
Jewellery
 f - an uncursed ring of resist corrosion
 n - a +2 ring of slaying (right hand)
 o - a ring of fire (left hand)
Wands
 t - a wand of iceblast (9)
 u - a wand of clouds (7)
Scrolls
 e - 2 scrolls of identify {unknown}
 q - a scroll of teleportation {unknown}
 r - a scroll of fear {unknown}
Potions
 b - a potion of degeneration {unknown}
 h - a potion of haste {unknown}
 j - 2 potions of brilliance {unknown}
 k - a potion of berserk rage {unknown}
 p - a potion of heal wounds
Books
 c - a book of Minor Magic

   Spells                             Type                      Level
   a - Magic Dart                     Conjuration                  1
   b - Blink                          Translocation                2
   c - Call Imp                       Summoning                    2
   d - Slow                           Hexes                        2
   e - Conjure Flame                  Conjuration/Fire             3
   f - Mephitic Cloud                 Conjuration/Poison/Air       3
Comestibles
 d - 2 rations


   Skills:
 - Level 1.7 Dodging
 - Level 1.7 Stealth
 - Level 3.0 Spellcasting
 + Level 5.2 Conjurations
   Level 1.0 Summonings
 - Level 1.0 Translocations
 - Level 1.1 Air Magic
 - Level 2.0 Poison Magic


You had 2 spell levels left.
You knew the following spells:

 Your Spells              Type           Power        Failure   Level  Hunger
a - Magic Dart            Conj           ####         1%          1    None
b - Blink                 Tloc           N/A          12%         2    ##.....
c - Mephitic Cloud        Conj/Pois/Air  ###.....     12%         3    ###....
d - Conjure Flame         Conj/Fire      ###.....     13%         3    ###....


Dungeon Overview and Level Annotations

Branches:
Dungeon (3/15)

Altars:
Cheibriados
Uskayaw
The Shining One


Innate Abilities, Weirdness & Mutations

You have sharp toenails.
You are partially covered in rugged brown scales. (AC +1, +3% HP)
A weak demonic guardian rushes to your aid.
When hurt, damage is shared between your health and your magic reserves.


Message History

The goblin is heavily wounded.
The goblin barely misses you.
The goblin shoots a stone.
The stone hits you but does no damage.
You hit the goblin.
Your weapon exudes an aura of protection.
The goblin is severely wounded.
The goblin closely misses you.
The goblin shoots a stone.
The stone hits you but does no damage.
You barely miss the goblin.
The goblin is severely wounded.
The goblin closely misses you.
The goblin shoots a stone.
The stone misses you.
Your magical contamination has completely faded away.
You hit the goblin.
You kill the goblin!
You have reached level 6!
Your experience leads to an increase in your attributes!
Increase (S)trength, (I)ntelligence, or (D)exterity?
You feel clever.
Your demonic ancestry asserts itself...
Rugged brown scales grow over part of your body.
Are you sure you want to abandon this character and quit the game? (Confirm with "yes".)

############### ≈≈.....
≈≈≈≈≈≈≈≈≈≈≈≈≈≈≈ ≈≈≈....
≈≈≈≈≈≈≈≈≈≈≈≈≈≈≈ ≈≈≈....
≈≈≈≈≈≈≈≈≈≈≈≈≈≈≈ .≈≈....
.≈..≈≈≈.≈≈.≈..≈ ......g
............... .....
...............
..$##.)#####.....#...###
......)@((......<.......
......)####....#.....#.#
.....#..####.###.#####.#
.... ..................#
... .##..###'###.#######
## ............#.# #####
.. ..........#.# #....
#.. ..........#.# #....
..........#.# #...)


You could see a goblin.

Vanquished Creatures
  Grinder (D:3)
  Ijyb (D:3)
  Robin (D:1)
  3 adders (D:2)
  An ooze (D:3)
  A dart slug (D:2)
  2 leopard geckos (D:2)
  A ball python (D:1)
  6 bats
  16 goblins
  6 hobgoblins
  A quokka (D:3)
  3 frilled lizards (D:2)
  7 kobolds
  9 rats
59 creatures vanquished.

Notes
Turn   | Place    | Note
-------+----------+-------------------------------------------
     0 | D:1      | Kaname the Demonspawn Wizard began the quest for the Orb.
     0 | D:1      | Reached XP level 1. HP: 13/13 MP: 4/4
   232 | D:1      | Reached skill level 2 in Conjurations
   250 | D:1      | Gained mutation: When hurt, damage is shared between your health and your magic reserves. [demonic ancestry]
   250 | D:1      | Reached XP level 2. HP: 11/19 MP: 3/6
   254 | D:1      | Learned a level 2 spell: Blink
   778 | D:2      | Noticed Robin
  1094 | D:1      | Reached skill level 3 in Conjurations
  1099 | D:1      | Gained mutation: A weak demonic guardian rushes to your aid. [demonic ancestry]
  1099 | D:1      | Reached XP level 3. HP: 12/24 MP: 1/7
  1100 | D:1      | Reached skill level 1 in Translocations
  1170 | D:1      | Learned a level 3 spell: Mephitic Cloud
  1443 | D:1      | Killed Robin
  1443 | D:1      | Reached skill level 1 in Poison Magic
  1648 | D:2      | Found a glowing golden altar of the Shining One.
  1683 | D:2      | Reached XP level 4. HP: 26/30 MP: 4/8
  1785 | D:2      | Reached skill level 1 in Air Magic
  1908 | D:2      | Found a snail-covered altar of Cheibriados.
  2255 | D:3      | Found a hide-covered altar of Uskayaw.
  2255 | D:3      | Noticed Ijyb
  2327 | D:3      | Killed Ijyb
  2419 | D:3      | Noticed Grinder
  2438 | D:3      | Paralysed by Grinder for 6 turns
  2472 | D:3      | Killed Grinder
  2472 | D:3      | Reached skill level 5 in Conjurations
  2472 | D:3      | Gained mutation: You have sharp toenails. [demonic ancestry]
  2472 | D:3      | Reached XP level 5. HP: 35/35 MP: 0/9
  2593 | D:3      | Learned a level 3 spell: Conjure Flame
  2635 | D:3      | Gained mutation: You are partially covered in rugged brown scales. (AC +1, +3% HP) [demonic ancestry]
  2635 | D:3      | Reached XP level 6. HP: 20/42 MP: 3/10
  2636 | D:3      | Quit the game

Vault maps used:
D:1:      giann_wishing_wells, minmay_pentomino_p2
D:2:      lemuel_doored_altar, nicolae_tso_carved_into_rock, uniq_robin
D:3:      minmay_goblin_kobold_castle, regret_index_temple_of_mockery,
          lemuel_crystal_altar, serial_curves, eino_curves_01, eino_curves_01,
          uniq_ijyb, uniq_grinder

Skill      XL: |  1  2  3  4 |
---------------+-------------+-----
Conjurations   | 2 3 5 |  5.2
Translocations | 1 |  1.0
Poison Magic   | 2 |  2.0
Air Magic      | 1 |  1.1
Dodging        | |  1.7
Stealth        | |  1.7
Spellcasting   | |  3.0
Summonings     | |  1.0

Action                   |  1- 3 |  4- 6 || total
-------------------------+-------+-------++-------
Melee: Dagger            |   105 |    64 ||   169
 Cast: Magic Dart        |    63 |    46 ||   109
       Blink             |     2 |       ||     2
       Mephitic Cloud    |     1 |       ||     1
 Stab: Sleeping          |       |     3 ||     3
  Eat: Chunk             |     2 |     3 ||     5
Armor: Robe              |    28 |    24 ||    52
Dodge: Dodged            |    97 |    45 ||   142

Table legend:
 A = Spawn XP
 B = Non-spawn XP
 C = Spawn XP percentage of total XP
 D = Spawn monster count
 E = Non-spawn monster count
 F = Spawn count percentage of total count
 G = Total turns spent on level
                    A         B        C        D         E        F      G
               +---------+---------+-------+---------+---------+-------+---------
         Total |       0 |     381 |   0.0 |       0 |      59 |   0.0 |  2636
               +---------+---------+-------+---------+---------+-------+---------
           D:1 |       0 |      64 |   0.0 |       0 |      29 |   0.0 |  1469
           D:2 |       0 |      66 |   0.0 |       0 |      18 |   0.0 |   760
           D:3 |       0 |     251 |   0.0 |       0 |      12 |   0.0 |   407
               +---------+---------+-------+---------+---------+-------+---------
